 Dungeon Crawl Stone Soup: Circus Animals version 1.7-37-g2c94cca (webtiles) character file.

11218 Ihatecarrots00 the Carver (level 18, 0/245 HPs) *EASY*
             Began as a Hill Orc Berserker on May 11, 2017.
             Was the Champion of Trog.
             Killed from afar by an orc wizard (7 damage)
             ... with a magic dart
             ... on level 7 of the Orcish Mines on May 12, 2017.
             The game lasted 01:28:00 (36126 turns).

Ihatecarrots00 the Carver (Hill Orc Berserker)     Turns: 36126, Time: 01:28:01

Health: 0/245      AC: 30    Str: 24    XL:     18   Next: 97%
Magic:  125/125    EV:  5    Int:  7    God:    Trog [******]
Gold:   2592       SH:  0    Dex: 12    Spells: 0 memorised, 17 levels left

rFire  + . .     rPois    +     x - +14 plutonium sword {*Contam Stlth-}
rCold  + . .     rElec    .     G - +0 gold dragon armour
rNeg   + . .     rCorr    .     (shield currently unavailable) MagicSh . . . SeeInvis .
                                J - +2 helmet "Ramaj" {rN+ MR+ Slay+5} StaminaSh . . . Faith .
                                (no cloak) RegenHP ++++++....
SustAt .                        H - +2 pair of gloves RegenSP +++....... Dismiss .
                                I - +1 pair of boots {Stlth+} RegenMP ++++...... Reflect .
                                t - amulet of health regeneration
MR     ++...     Harm     .     (no ring)
Stlth  ..........               (no ring)

@: very slightly contaminated, slow, very resistant to hostile enchantments,
extremely unstealthy
A: weak 1, bad dna 2
a: Berserk, Trog's Hand, Brothers in Arms, Burn Spellbooks, Renounce Religion,
Convert to Beogh


You were on level 7 of the Orcish Mines.
You worshipped Trog.
Trog was exalted by your worship.
You were not hungry.

You visited 3 branches of the dungeon, and saw 21 of its levels.
You also visited: Labyrinth.

You collected 6408 gold pieces.
You spent 3816 gold pieces at shops.

Inventory:

Hand Weapons
 l - a +2 war axe of venom
 u - a +0 battleaxe of flaming
 x - the +14 plutonium sword (weapon) {*Contam Stlth-}
   (You acquired it on level 4 of the Lair of Beasts)

   It causes magical contamination when unequipped.
   It makes you less stealthy.
 y - a +2 great mace of crushing
 L - the +5 demon whip "Spellbinder" {antimagic, MR+}
   (You found it on level 3 of the Orcish Mines)

   It reduces the magical energy of the wielder, and disrupts the spells and
   magical abilities of those hit.
   Natural abilities and divine invocations are not affected.
   It affects your resistance to hostile enchantments.
 M - the +5 long sword "Bifauzod" {drain, +Blink MR+, unknown}
   (You took it off an orc on level 3 of the Orcish Mines)

   A truly terrible weapon, it drains the life of those it strikes.
   It affects your resistance to hostile enchantments.
   It lets you blink.
Armour
 b - a +2 pair of boots
 g - a +0 chain mail
 h - a +4 shield
 m - the +5 ring mail of Conscience {Int+3}
   (You found it on level 1 of the Lair of Beasts)

   It affects your intelligence (+3).
 p - a +2 plate armour of poison resistance
 q - a +0 plate armour
 G - a +0 gold dragon armour (worn)
 H - a +2 pair of gloves (worn)
 I - a +1 pair of boots of stealth (worn)
 J - the +2 helmet "Ramaj" (worn) {rN+ MR+ Slay+5}
   (You bought it in a shop on level 1 of the Orcish Mines)

   It affects your accuracy and damage with ranged weapons and melee attacks
   (+5).
   It protects you from negative energy.
   It affects your resistance to hostile enchantments.
Rods
 n - a +1 lightning rod (11/11)
   (You found it on level 1 of the Lair of Beasts)
Jewellery
 a - an uncursed ring of stealth
 c - an uncursed ring of protection from fire
 d - an uncursed amulet of harm
 e - a +2 amulet of reflection
 i - an uncursed ring of resist corrosion
 r - an uncursed ring of protection from magic {unknown}
 s - an uncursed ring of protection from magic {unknown}
 t - an amulet of health regeneration (around neck)
 v - an uncursed ring of protection from magic {unknown}
 w - an uncursed ring of stamina
 z - an uncursed ring of ice {unknown}
 A - an uncursed amulet of quick casting {unknown}
 B - an uncursed ring of protection from fire
 C - an uncursed ring of positive energy {unknown}
 D - an uncursed amulet of quick casting {unknown}
 E - a +6 ring of dexterity {unknown}
 F - the ring "Kipnaosi" {rPois Dex+3, unknown}
   (You found it on level 7 of the Lair of Beasts)

   [ring of poison resistance]

   It affects your dexterity (+3).
   It protects you from poison.
 K - a cursed -2 ring of protection {unknown}
 N - an uncursed amulet of health regeneration
 O - an uncursed ring of stamina
Wands
 f - a wand of lightning (10/30)
 j - a wand of acid (18/45)
 k - a wand of confusion (28/48)
 o - a wand of random effects (60/96)
Scrolls
 a - a scroll of enchant armour
 k - 3 scrolls of magic mapping
 n - 3 scrolls of noise
 o - 2 scrolls of identify
 q - a scroll of enchant weapon
 t - 7 scrolls of remove curse
 w - 3 scrolls of fog
 x - 4 scrolls of vulnerability
 y - a scroll of recharging
 C - a scroll of immolation
 E - a scroll of brand weapon
Potions
 b - 14 potions of stamina
 c - 13 potions of magic
 d - 4 potions of haste
 f - 2 potions of cancellation
 g - 3 potions of agility
 h - 3 potions of degeneration
 j - 5 potions of ambrosia
 l - 2 potions of might
 m - 3 potions of mutation
 p - 10 potions of brilliance
 r - a potion of cure mutation
 s - 4 potions of lignification
 u - a potion of invisibility {unknown}
 v - 2 potions of berserk rage {unknown}
 z - 5 potions of flight {unknown}
 A - 4 potions of resistance {unknown}
Books
 B - a book of Unlife

   Spells                             Type                      Level
   a - Recall                         Summoning/Translocation      3
   b - Animate Dead                   Transmutation/Necromancy     4
   c - Control Undead                 Hexes/Necromancy             4
   d - Cigotuvi's Embrace             Necromancy/Time              5
   e - Death Channel                  Necromancy/Summoning         6
   f - Simulacrum                     Ice/Necromancy/Summoning     6
   Trog disapproves of the use of such an item.


   Skills:
 + Level 12.3 Fighting
 * Level 12.5 Long Blades
 - Level 10.1 Axes
 + Level 10.8 Armour
 + Level 8.2 Dodging


You had 17 spell levels left.
You didn't know any spells.

Dungeon Overview and Level Annotations

Branches:
Dungeon (7/7)               Dwarf (0/4) Orc:4           Elf (0/4) Orc:3
 Forest (0/7) Orc:7          Lair (7/7) D:7             Orc (7/7) Lair:7
 Shoals (0/4) Lair:4        Snake (0/4) Lair:2       Spider (0/4) Orc:5
  Swamp (0/4) Lair:6

Altars:
Makhleb
Nemelex Xobeh
Okawaru
Ru
Sif Muna
Trog
The Shining One
Beogh

Shops:
Orc:1 =[[   Orc:5 =   Orc:7 *?*(

Portals:
Hell: Lair:7


Innate Abilities, Weirdness & Mutations

You have a better chance of getting bad mutations.
You are weak. (Str -2)


Message History

* * * LOW HITPOINT WARNING * * *; The orc priest looks braver for a moment.
The orc priest is engulfed in a cloud of scalding steam. (mon hp-3)
Found a halberd.
Things that are here:
a war axe; a plate armour; a dagger You are engulfed in roaring flames.
You resist. (hp-2)
* * * LOW HITPOINT WARNING * * *; The orc priest is engulfed in roaring flames.
The orc priest threatens, "By the altar or by the axe, you will meet Beogh!" (mon hp-14)
You kill the orc priest!
Trog accepts your kill.
The orc sorcerer casts a spell.
Things that are here:
a dagger; a robe An orc priest comes into view. (hp=14, hd=1) It is wielding a falchion.
You are engulfed in roaring flames.
You resist. (hp-11)
* * * LOW HITPOINT WARNING * * *; A puff of flame appears from out of thin air!
The puff of flame misses you.
The orc sorcerer shouts, "You are history!"
The orc wizard casts a spell at you. The magic dart hits you! (hp-7)
You die...

,,,,,*********,,,,* #...........
,,,,,,,,,,,.......* #...........
,,,,,,,,,,,,.....,* #..........#
*,,,,,******#...#** #...........
**,,,,* #...# #...........
∩**,,.#######§..######...........
,∩**,.....o§§§§......#...........
,,,*,...§§§§§§§§.....#...........
*,,*,..o§§§§§§§§@................
**,,,...§§§§3§§§....))...........
**,,....§§§§§§§.....).).........
**,,,...§§§§§§§§.....))))o.......
*,,*,......o.ooo...[)o)))........
,,,*,..............))#)).........
,∩**,..............))#...........
∩**,,.#######...######...........
**,,,,* *,,,* #.........).


You could see a sun demon, an orc sorcerer, an orc warrior, an orc priest, an
orc wizard and 2 orcs.

Vanquished Creatures
  A fire giant (Orc:3)
  3 stone giants
  A dire elephant (Lair:7)
  Nessos (Orc:6)
  3 minotaurs
  8 ettins
  15 hydras
  Harold (Orc:2)
  3 death yaks (Lair:5)
  An ogre mage (Orc:5)
  14 orc high priests
  A sun demon (Lair:7)
  A wizard (Lair:7)
  A giant orange brain (Lair:5)
  A fire crab (Lair:7)
  14 hill giants (Orc:3)
  Sonja (Lair:4)
  An orange crystal statue (Orc:2)
  3 lindwurms
  5 griffons
  13 orc knights
  13 orc sorcerers
  9 cyclopes
  An oklob plant (Lair:6)
  A hornet (Orc:7)
  An octopode (Lair:7)
  28 elephants
  An orange demon (Lair:7)
  17 spiny frogs
  24 black mambas
  A smoke demon (Lair:7)
  13 komodo dragons
  4 gargoyles (Lab)
  6 ice devils (Lair:7)
  A hellwing (Lair:7)
  8 rime drakes
  2 red devils (Lair:7)
  9 trolls
  A snapping turtle (Lair:4)
  A boulder beetle (Orc:5)
  A queen bee (Orc:6)
  A raiju (Lair:6)
  2 redbacks
  17 two-headed ogres
  64 blink frogs
  2 spriggans (Lair:1)
  3 swamp worms (Lair:6)
  69 yaks
  4 hungry ghosts (Lab)
  A fire elemental (Orc:4)
  13 hippogriffs
  Duvessa (Lair:7)
  10 basilisks
  A hog (Lair:5)
  A human (Lair:7)
  4 fire bats (Orc:4)
  A wyvern (Lair:4)
  A black bear (Lair:7)
  An eye of draining (Orc:6)
  14 wargs
  23 water moccasins
  Eustachio (Lair:3)
  Grum (Lair:1)
  3 sky beasts
  Dowan (Lair:7)
  24 crocodiles
  26 ogres
  A big kobold (Lair:7)
  73 orc warriors
  10 porcupines
  A swamp drake (Lair:6)
  An earth elemental (Lab)
  8 centaurs
  16 wolves
  14 giant frogs
  3 gnoll sergeants
  A scorpion (D:4)
  A wasp zombie (D:5)
  A centaur zombie (D:6)
  A centaur skeleton (D:5)
  2 giant frog skeletons
  11 killer bees
  A wandering mushroom (Lair:6)
  6 electric eels
  A lava snake (Orc:3)
  8 dart slugs
  6 hounds
  3 howler monkeys
  A jelly (D:7)
  3 giant geckos
  33 gnolls
  2 gnoll shamans
  7 iguanas
  285 orcs
  54 orc priests
  56 orc wizards
  41 sheep
  11 worker ants
  17 adders
  5 ball pythons
  15 bats
  3 crimson imps
  9 giant cockroaches
  12 goblins
  13 hobgoblins
  8 jackals
  21 kobolds
  6 quokkas
  123 river rats
  2 shadow imps
  An adder zombie (D:7)
  7 giant newts
  2 hound skeletons
  A hound zombie (D:7)
  A howler monkey zombie (D:6)
  2 jackal skeletons
  An ooze (D:7)
  2 quokka skeletons
  A quokka zombie (D:5)
  10 rats
  3 worms
  A butterfly (Lair:6)
  A fire vortex (Orc:3)
  7 fungi
  6 plants
1465 creatures vanquished.

Vanquished Creatures (collateral kills)
  An orc (Lair:7)
1 creature vanquished.

Vanquished Creatures (others)
  A water moccasin (Lair:6)
  2 river rats (Lair:6)
  3 fungi
  4 plants
10 creatures vanquished.

Grand Total: 1476 creatures vanquished

Notes
Turn   | Place    | Note
-------+----------+-------------------------------------------
     0 | D:1      | Ihatecarrots00 the Hill Orc Berserker began the quest for the Orb.
     0 | D:1      | Reached XP level 1. HP: 39/39 MP: 125/125
     8 | D:1      | Noticed a ghoul
    83 | D:1      | Reached XP level 2. HP: 50/51 MP: 125/125
   207 | D:1      | Reached XP level 3. HP: 63/63 MP: 125/125
   415 | D:1      | Reached XP level 4. HP: 74/76 MP: 125/125
   419 | D:1      | Reached ** piety under Trog
  1052 | D:2      | Reached *** piety under Trog
  1193 | D:2      | Reached XP level 5. HP: 82/88 MP: 125/125
  1941 | D:3      | Reached **** piety under Trog
  2316 | D:3      | Reached skill level 5 in Fighting
  2942 | D:4      | Reached XP level 6. HP: 100/100 MP: 125/125
  3781 | D:4      | Received a gift from Trog
  3950 | D:5      | Entered Level 5 of the Dungeon
  4067 | D:5      | Reached ***** piety under Trog
  4491 | D:5      | Reached XP level 7. HP: 112/112 MP: 125/125
  5556 | D:6      | Found a glowing golden altar of the Shining One.
  5703 | D:6      | Found a sparkling altar of Nemelex Xobeh.
  5966 | D:7      | Entered Level 7 of the Dungeon
  5966 | D:7      | Found a sand-covered staircase.
  6037 | D:7      | Received a gift from Trog
  6110 | D:7      | Reached XP level 8. HP: 87/124 MP: 125/125
  6497 | D:7      | Found a staircase to the Lair.
  6795 | Lair:1   | Entered Level 1 of the Lair of Beasts
  7023 | Lair:1   | Reached XP level 9. HP: 99/136 MP: 125/125
  7079 | Lair:1   | Got a smoking ring mail
  7081 | Lair:1   | Identified the +5 ring mail of Conscience {Int+3} (You found it on level 1 of the Lair of Beasts)
  7129 | Lair:1   | Noticed Grum
  7142 | Lair:1   | Killed Grum
  7510 | Lair:1   | Reached XP level 10. HP: 141/148 MP: 125/125
  7601 | Lair:1   | Reached ****** piety under Trog
  9245 | Lair:2   | Reached XP level 11. HP: 139/160 MP: 125/125
  9300 | Lair:2   | Reached skill level 5 in Armour
  9600 | Lair:2   | Received a gift from Trog
  9837 | Lair:2   | Found a staircase to the Snake Pit.
 11258 | Lair:3   | Reached XP level 12. HP: 126/172 MP: 125/125
 11381 | Lair:3   | Found a sacrificial altar of Ru.
 11512 | Lair:3   | Noticed Eustachio
 11538 | Lair:3   | Killed Eustachio
 12116 | Lair:4   | Received a gift from Trog
 12395 | Lair:4   | Noticed Sonja
 12398 | Lair:4   | Killed Sonja
 12414 | Lair:4   | Found a staircase to the Shoals.
 12747 | Lair:4   | Reached skill level 10 in Axes
 12748 | Lair:4   | Reached XP level 13. HP: 156/180 MP: 125/125
 13442 | Lair:4   | Identified a scroll of acquirement
 13518 | Lair:4   | Received a gift from Trog
 13678 | Lair:4   | Reached skill level 1 in Long Blades
 14321 | Lair:5   | Received a gift from Trog
 14623 | Lair:5   | Reached skill level 5 in Dodging
 14813 | Lair:5   | Reached XP level 14. HP: 128/197 MP: 125/125
 15810 | Lair:5   | Received a gift from Trog
 16000 | Lair:5   | Reached skill level 5 in Long Blades
 16014 | Lair:5   | Noticed Snorg
 16025 | Lair:5   | Noticed Snorg
 16025 | Lair:5   | Snorg changed into Snorg the hog
 16027 | Lair:5   | Killed Snorg the hog
 16972 | Lair:6   | Found a labyrinth entrance.
 16991 | Lair:6   | Reached XP level 15. HP: 204/204 MP: 125/125
 17035 | Lab      | Entered a labyrinth
 22995 | Lair:6   | Received a gift from Trog
 23172 | Lair:6   | Found a staircase to the Swamp.
 24469 | Lair:6   | Received a gift from Trog
 25027 | Lair:7   | Entered Level 7 of the Lair of Beasts
 25068 | Lair:7   | HP: 20/209 [15-headed hydra (9)]
 25073 | Lair:7   | Reached XP level 16. HP: 136/221 MP: 125/125
 25723 | Lair:7   | Received a gift from Trog
 26125 | Lair:7   | Reached skill level 10 in Fighting
 27015 | Lair:7   | Received a gift from Trog
 27295 | Lair:7   | Found a deep blue altar of Sif Muna.
 27579 | Lair:7   | Found a burning altar of Makhleb.
 27585 | Lair:7   | Reached XP level 17. HP: 220/231 MP: 125/125
 27609 | Lair:7   | Found a gateway to Hell.
 27618 | Lair:7   | Got a slimy silver ring
 27637 | Lair:7   | Noticed Dowan
 27638 | Lair:7   | Noticed Duvessa
 27645 | Lair:7   | Killed Duvessa
 27650 | Lair:7   | Killed Dowan
 27828 | Lair:7   | Found a staircase to the Orcish Mines.
 27905 | Orc:1    | Entered Level 1 of the Orcish Mines
 27906 | Orc:1    | Found Rounemp's Armour Shoppe.
 27933 | Orc:1    | Found Ketostyq's Antique Armour Shop.
 28009 | Orc:1    | Bought a gold dragon hide for 840 gold pieces
 28009 | Orc:1    | Bought a +2 pair of gloves for 198 gold pieces
 28030 | Orc:1    | Bought a pair of embroidered boots for 162 gold pieces
 28030 | Orc:1    | Bought a fine helmet for 342 gold pieces
 28030 | Orc:1    | Identified the +2 helmet "Ramaj" {rN+ MR+ Slay+5} (You bought it in a shop on level 1 of the Orcish Mines)
 28075 | Orc:1    | Found Falamul's Jewellery Shop.
 28677 | Orc:2    | Found a roughly hewn altar of Beogh.
 28752 | Orc:2    | Found a bloodstained altar of Trog.
 28928 | Orc:2    | Received a gift from Trog
 28931 | Orc:2    | Noticed Harold
 28945 | Orc:2    | Killed Harold
 29571 | Orc:3    | Found a roughly hewn altar of Beogh.
 30132 | Orc:4    | Received a gift from Trog
 30152 | Orc:4    | Reached skill level 10 in Long Blades
 30417 | Orc:3    | Found a staircase to the Elven Halls.
 30982 | Orc:3    | Got a scorched long sword {drain}
 31019 | Orc:3    | Received a gift from Trog
 31695 | Orc:5    | Found Bumiuttioso's Jewellery Shop.
 31733 | Orc:5    | Reached skill level 10 in Armour
 31735 | Orc:5    | Reached XP level 18. HP: 245/245 MP: 125/125
 31751 | Orc:5    | Received a gift from Trog
 31768 | Orc:5    | Bought an uncursed amulet of health regeneration for 570 gold pieces
 31768 | Orc:5    | Bought an uncursed ring of stamina for 380 gold pieces
 32229 | Orc:5    | Found a hole to the Spider Nest.
 33062 | Orc:4    | Found a staircase to the Dwarven Fortress.
 33299 | Orc:5    | Found a burning altar of Makhleb.
 33312 | Orc:5    | Received a gift from Trog
 33688 | Orc:6    | Noticed Nessos
 33692 | Orc:6    | Killed Nessos
 34197 | Orc:6    | Received a gift from Trog
 34805 | Orc:7    | Entered Level 7 of the Orcish Mines
 34935 | Orc:6    | Found a roughly hewn altar of Beogh.
 34979 | Orc:5    | Gained mutation: You are weak. (Str -2) [mutagenic glow]
 35111 | Orc:7    | Found Pesmoyv's Weapon Boutique.
 35113 | Orc:7    | Found Peunwev's Assorted Antiques.
 35125 | Orc:7    | Found Ypnie's Magic Scroll Boutique.
 35126 | Orc:7    | Bought a scroll of enchant armour for 345 gold pieces
 35137 | Orc:7    | Found an iron altar of Okawaru.
 35165 | Orc:7    | Bought a scroll of identify for 26 gold pieces
 35165 | Orc:7    | Bought a scroll of remove curse for 39 gold pieces
 35165 | Orc:7    | Bought a scroll of remove curse for 39 gold pieces
 35165 | Orc:7    | Bought a scroll of enchant weapon for 97 gold pieces
 35165 | Orc:7    | Bought a scroll of immolation for 45 gold pieces
 35165 | Orc:7    | Bought a scroll of teleportation for 39 gold pieces
 35165 | Orc:7    | Bought a scroll of remove curse for 39 gold pieces
 35165 | Orc:7    | Bought a scroll of identify for 26 gold pieces
 35165 | Orc:7    | Bought a scroll of brand weapon for 260 gold pieces
 35174 | Orc:7    | Received a gift from Trog
 35871 | Orc:7    | Found a roughly hewn altar of Beogh.
 35899 | Orc:7    | Found a staircase to the Enchanted Forest.
 35903 | Orc:7    | Found Seskuax's Assorted Antiques.
 35911 | Orc:7    | Bought 2 scrolls of immolation for 294 gold pieces
 35911 | Orc:7    | Bought 2 smoky cyan potions for 75 gold pieces
 36085 | Orc:7    | Received a gift from Trog
 36117 | Orc:7    | HP: 17/245 [orc warrior/exploding inner flame[the player character] (23)]
 36117 | Orc:7    | HP: 6/245 [orc wizard/exploding inner flame[the player character] (11)]
 36120 | Orc:7    | HP: 2/245 [cloud of flame (11)]
 36125 | Orc:7    | HP: 2/245 [cloud of flame (11)]
 36126 | Orc:7    | Killed from afar by an orc wizard

Skill      XL: |  1  2  3  4  5  6  7  8  9 10 11 12 13 14 15 16 17 18 |
---------------+-------------------------------------------------------+-----
Dodging        | 2 3 4 5 6 7 8 |  8.2
Fighting       | 5 6 7 8 9 10 11 12 | 12.3
Armour         | 3 4 5 6 7 8 9 10 | 10.8
Axes           | 6 7 8 9 10 | 10.1
Long Blades    | 3 5 7 9 10 12 | 12.5

Action                   |  1- 3 |  4- 6 |  7- 9 | 10-12 | 13-15 | 16-18 || total
-------------------------+-------+-------+-------+-------+-------+-------++-------
Melee: Hand axe          |    58 |   571 |   271 |       |       |       ||   900
       War axe           |       |       |   268 |   454 |       |       ||   722
       Battleaxe         |       |       |       |   155 |    61 |       ||   216
       Triple sword      |       |       |       |       |   838 |  1556 ||  2394
Invok: Berserk           |       |       |       |       |     1 |     8 ||     9
       Burn Spellbooks   |       |       |       |       |     2 |     1 ||     3
Evoke: Wand              |       |       |       |       |       |     2 ||     2
  Use: Scroll            |       |    15 |    10 |     6 |     3 |    26 ||    60
       Potion            |       |     1 |     3 |     1 |     6 |    17 ||    28
 Stab: Sleeping          |       |       |       |       |       |     3 ||     3
Armor: Ring mail         |    13 |   107 |       |       |       |       ||   120
       Animal skin       |     2 |       |       |       |       |       ||     2
       Chain mail        |       |    43 |   378 |    30 |       |       ||   451
       Plate armour      |       |       |       |   290 |   773 |   372 ||  1435
       Gold dragon armou |       |       |       |       |       |  1094 ||  1094
Dodge: Dodged            |    32 |   328 |   350 |   282 |   583 |  1000 ||  2575
Block: Shield            |       |    46 |   428 |   384 |       |       ||   858
